 Dungeon Crawl Stone Soup version 0.31-a0-4-gefa6de2278 (webtiles) character file.

Game seed: 18181138359011655935

2045 Morbidden the Ruffian (level 9, -6/80 HPs)
             Began as a Troll Air Elementalist on May 4, 2023.
             Was a Follower of Vehumet.
             Blown up by Maurice (20 damage)
             ... with a mindburst bolt
             ... on level 8 of the Dungeon.
             The game lasted 00:10:03 (6268 turns).

Morbidden the Ruffian (Troll Air Elementalist)      Turns: 6268, Time: 00:10:04

Health: -6/80      AC:  4    Str: 18    XL:     9   Next: 4%
Magic:  1/12       EV: 10    Int: 15    God:    Vehumet [*.....]
Gold:   0          SH:  5    Dex: 10    Spells: 10/13 levels left

rFire   + .          .
                       - Unarmed
rCold   . . .        (no shield)
rNeg    . . .        a - +0 robe
rPois   +            (helmet restricted)
rElec   .            (no cloak)
rCorr   .            (gloves unavailable)
SInv    .            (boots unavailable)
Will    .....        d - amulet of reflection
Stlth   ++           h - ring of protection from fire
HPRegen 1.13/turn    o - ring of poison resistance
MPRegen 0.13/turn

%: reflection
@: no status effects
A: large, unfitting armour, claws 3, regeneration 1, shaggy fur 1, tough skin 1,
subdued magic 1, sturdy frame 1
a: Renounce Religion


You were on level 8 of the Dungeon.
You worshipped Vehumet.
Vehumet was aware of your devotion.
You visited 1 branch of the dungeon, and saw 7 of its levels.

Inventory:

Armour
 a - a +0 robe (worn)
Jewellery
 d - an amulet of reflection (around neck)
 h - a ring of protection from fire (left claw)
 o - a ring of poison resistance (right claw)
Scrolls
 e - a scroll of torment {unknown}
 k - a scroll of fog {unknown}
 l - 4 scrolls of identify
 m - a scroll of summoning {unknown}
 p - a scroll of immolation {unknown}
 w - a scroll of enchant weapon
Potions
 c - a potion of mutation
 j - a potion of flight
 n - a potion of invisibility {unknown}
 r - a potion of cancellation {unknown}
 t - a potion of attraction {unknown}
 u - a potion of degeneration {unknown}
 v - a potion of heal wounds {unknown}


   Skills:
 * Level 2.8 Fighting
 * Level 3.1 Armour
 * Level 3.8 Dodging
 + Level 1.4 Stealth
 + Level 0.9 Shields
 * Level 4.6 Unarmed Combat
 * Level 2.8 Spellcasting
 * Level 2.7 Conjurations
 * Level 3.5 Air Magic
 * Level 2.2 Evocations


You had 10 spell levels left.
You knew the following spells:

 Your Spells              Type           Power      Damage    Failure   Level
a - Shock                 Conj/Air       32%        1d5       4%          1
b - Static Discharge      Conj/Air       16%        2-3/arc   7%          2

Your spell library contained the following spells:

 Spells                   Type           Power      Damage    Failure   Level
 Foxfire                  Conj/Fire      16%        2x1d4     10%         1
 Swiftness                Air            9%         N/A       12%         3
 Poisonous Vapours        Pois/Air       10%        N/A       13%         2
 Sting                    Tmut/Pois      4%         1d3       17%         1
 Airstrike                Air            4%         2d(1-17)  38%         4
 Frozen Ramparts          Ice            2%         1d1       47%         3
 Ice Form                 Ice/Tmut       1%         N/A       88%         4
 Olgreb's Toxic Radiance  Pois           1%         N/A       88%         4
 Summon Ice Beast         Ice/Summ       1%         N/A       88%         4


Dungeon Overview and Level Annotations

Branches:
Dungeon (8/15)
 Temple: D:4-7         Lair: D:8-11

Altars:
Makhleb
Vehumet

Shops:
D:1 ![[(

Annotations:
D:4 exclusion: ice beast
D:8 Maurice


Innate Abilities, Weirdness & Mutations

You are too large for most types of armour.
You have claws for hands.
Your natural rate of healing is unusually fast.
You are covered in fur. (AC +1)
You have tough skin. (AC +1)
Your spells are a little easier to cast, but a little less powerful.
Your movements are slightly less encumbered by armour. (ER -2)


Message History

Unknown command.
Casting: Static Discharge (safe; 7% risk of failure)
Confirm with . or Enter, or press ? or * to list all spells.
Aiming: Shock (safe; 4% risk of failure)
Press: ? - help, Shift-Dir - straight line The zap hits something.
You hear a zap.
Something tries to affect you, but you resist.
Unknown command.
You barely miss something. Something hits you.
Something mutters, "Now where did you hide it?"
Unknown command.
You miss something.
You hear a zap.
Your mind is blasted!
You scratch something.
You hear some strange, mumbled words.
You barely miss something. Something hits you!
Something groans, "What are you, a monk?"
Something burns you.
You closely miss something. Something hits you.
* * * LOW HITPOINT WARNING * * *
Something mutters, "Now where did you hide it?"
Unknown command.
You closely miss something. Something hits you!
* * * LOW HITPOINT WARNING * * *
Something mutters, "Now where did you hide it?"
Something burns you.
* * * LOW HITPOINT WARNING * * *
You barely miss something. You closely miss something.
You hear a zap.
Your mind is blasted!
* * * LOW HITPOINT WARNING * * *
Unknown command.
Unknown command.
You feel better.
You hear a zap.
Your mind is blasted!
You die...

##########
#...)....#
##.@#####.#
###....{..# #.#
##....###.#.###.#
#..## #......##O#
#.#####.#.#.....#
####...........#.###
###....##..#.#.#.^.#
#...####....#.#...##
#.#.# #.#.#.#.#..#


There were no monsters in sight!

Vanquished Creatures
  A two-headed ogre (D:8)
  An ice beast (D:5)
  An orc warrior (D:5)
  A centaur (D:8)
  4 bullfrogs (D:8)
  A scorpion (D:4)
  3 wights
  A vampire bat (D:8)
  3 howler monkeys (D:8)
  4 orc priests
  A hound (D:4)
  Jessica (D:2)
  A gnoll bouda (D:4)
  Ijyb (D:3)
  5 orc wizards
  5 gnolls
  6 adders
  A white imp (D:8)
  2 worms
  A dart slug (D:1)
  18 orcs
  8 ball pythons
  10 endoplasms
  2 giant cockroaches (D:1)
  8 goblins
  6 hobgoblins
  11 jackals
  8 kobolds
  2 quokkas
  5 bats
  5 frilled lizards
  6 rats
133 creatures vanquished.

Notes
Turn   | Place    | Note
-------+----------+-------------------------------------------
     0 | D:1      | Morbidden the Troll Air Elementalist began the quest for
                  | the Orb.
     0 | D:1      | Reached XP level 1. HP: 16/16 MP: 1/1
   101 | D:1      | Reached XP level 2. HP: 24/26 MP: 2/2
   120 | D:1      | Found Ypsesur's Antique Weapon Boutique.
   160 | D:1      | Found Yfuson's Distillery.
   446 | D:1      | Found Lesoet's Antique Armour Shoppe.
   459 | D:1      | Found Rieh's Antique Armour Boutique.
   771 | D:1      | Reached XP level 3. HP: 32/32 MP: 0/3
  1367 | D:2      | Noticed Jessica
  1380 | D:2      | Killed Jessica
  1381 | D:2      | Reached skill level 1 in Fighting
  1381 | D:2      | Reached skill level 1 in Unarmed Combat
  1381 | D:2      | Reached skill level 1 in Conjurations
  1381 | D:2      | Reached XP level 4. HP: 28/41 MP: 1/5
  1472 | D:2      | Learned a level 2 spell: Static Discharge
  1708 | D:2      | Found a faded altar of an unknown god.
  3018 | D:3      | Reached XP level 5. HP: 31/48 MP: 4/6
  3043 | D:3      | Found a burning altar of Makhleb.
  3113 | D:3      | Gained mutation: Your spells are a little easier to cast,
                  | but a little less powerful. [potion of mutation]
  3113 | D:3      | Gained mutation: Your movements are slightly less
                  | encumbered by armour. (ER -2) [potion of mutation]
  3115 | D:3      | HP: 2/48 [something (3)]
  3118 | D:3      | Noticed Ijyb
  3193 | D:3      | Killed Ijyb
  3194 | D:3      | Reached skill level 1 in Armour
  3260 | D:3      | Reached skill level 2 in Unarmed Combat
  3942 | D:4      | Reached XP level 6. HP: 49/55 MP: 0/7
  4344 | D:4      | Noticed an ice beast
  4626 | D:5      | Entered Level 5 of the Dungeon
  5137 | D:5      | Noticed an orc warrior
  5147 | D:5      | Noticed an ice beast
  5221 | D:4      | Reached XP level 7. HP: 62/62 MP: 2/9
  5441 | D:5      | Found a radiant altar of Vehumet.
  5445 | D:5      | Became a worshipper of Vehumet
  5558 | D:5      | Reached skill level 3 in Unarmed Combat
  5558 | D:5      | Reached skill level 1 in Evocations
  6048 | D:6      | You fall into a shaft and drop 2 floors!
  6091 | D:8      | Reached XP level 8. HP: 27/72 MP: 2/10
  6102 | D:8      | Reached skill level 4 in Unarmed Combat
  6138 | D:8      | Noticed Maurice
  6184 | D:8      | Noticed a two-headed ogre
  6244 | D:8      | Killed a two-headed ogre
  6244 | D:8      | Reached * piety under Vehumet
  6244 | D:8      | Offered knowledge of Foxfire by Vehumet.
  6245 | D:8      | Reached XP level 9. HP: 31/80 MP: 8/12
  6267 | D:8      | HP: 3/80 [disintegration (16)]
  6268 | D:8      | Blown up by Maurice

Illustrated notes

Levels and vault maps discovered:
D:1:      minmay_arrival_four_houses, layout_basic, serial_shops,
          nicolae_shop_advertising_works [nicolae_subvault_shop_adworks], shop,
          shop, shop
D:2:      layout_loops_corners, hellmonk_ecumenical_altar_dog_temple,
          kennysheep_donut, uniq_jessica
D:3:      layout_loops_ring, mainiacjoe_overflow_six_doors_small, uniq_ijyb
D:4:      layout_rooms
D:5:      layout_cave_pools, vehumet_crystals
D:6:      layout_basic, serial_shops, shop, chequers_serial_rivers_micro_c,
          minmay_crystal_water
D:8:      minmay_angry_zag, layout_rooms, kennysheep_vampire_church,
          grunt_temple_overflow_open, minmay_misc_feat_doors, st_stairs_6,
          hangedman_decor_riveting, roderic_batcave, minmay_misc_feat_roman,
          uniq_maurice

Skill      XL: |  1  2  3  4  5  6  7  8 |
---------------+-------------------------+-----
Fighting       | 1 2 |  2.8
Unarmed Combat | 1 2 3 4 |  4.6
Conjurations   | 1 2 |  2.7
Dodging        | 2 3 |  3.8
Armour         | 1 2 3 |  3.1
Spellcasting   | 2 |  2.8
Air Magic      | 3 |  3.5
Evocations     | 1 2 |  2.2
Stealth        | |  1.4
Shields        | |  0.9

Action                     |  1- 3 |  4- 6 |  7- 9 || total
---------------------------+-------+-------+-------++-------
  Melee: Unarmed           |    69 |   185 |    99 ||   353
         Punch             |       |     3 |     2 ||     5
   Cast: Shock             |    30 |   144 |    52 ||   226
         Static Discharge  |       |     3 |     4 ||     7
  Evoke: Wand              |       |       |     8 ||     8
    Use: Potion            |       |     4 |     2 ||     6
         Scroll            |       |       |     5 ||     5
   Stab: Sleeping          |     2 |       |       ||     2
 Armour: Robe              |    15 |    65 |    38 ||   118
  Dodge: Dodged            |    23 |    85 |    59 ||   167
  Block: Other             |    14 |    44 |    27 ||    85
         Reflection        |     1 |     1 |       ||     2

Table legend: (Time is in decaauts)
 A = Elapsed time spent in this place.
 B = Non-inter-level travel time spent in this place.
 C = Inter-level travel time spent in this place.
 D = Time resting spent in this place.
 E = Time spent auto-exploring this place.
 F = Levels seen in this place.
 G = Mean time per level.
                   A        B        C        D        E       F      G
               +--------+--------+--------+--------+--------+-----+--------+
         Total |   6237 |   6097 |    140 |    657 |   4311 |   7 |  891.0 |
       Dungeon |   6237 |   6097 |    140 |    657 |   4311 |   7 |  891.0 |
               +--------+--------+--------+--------+--------+-----+--------+

Top non-repeatable levels by time:
     D:4: 1672 daAuts
     D:2: 1519 daAuts
     D:3: 1131 daAuts
     D:1: 903 daAuts
     D:5: 783 daAuts
     D:8: 214 daAuts
     D:6: 12 daAuts
